[ AOE2 MATCH · #464366276 ]
UnrankedBulgarians vs Malians
[ REPLAY ANALYSIS · EXTRACTED FROM THE RECORDED GAME ]
Feudal
18:30
Castle
23:14
Imperial
—
| APM avg | 11.5 |
| APM peak | 59 |
| eAPM avg | 7.3 |
| Villagers / military | 52 / 0 |
Focus
⚔️ 8.8% · 🌾 91.2%
Feudal
13:35
Castle
24:42
Imperial
—
| APM avg | 21.3 |
| APM peak | 48 |
| eAPM avg | 10.5 |
| Villagers / military | 81 / 29 |
Focus
⚔️ 21.0% · 🌾 79.0%
Knight ×22 · Archer ×4 · Fishing Ship ×4 · Skirmisher ×2 · Unknown (2626) ×2 · Fire Galley ×1
Feudal
14:48
Castle
20:19
Imperial
—
| APM avg | 15.6 |
| APM peak | 26 |
| eAPM avg | 9.5 |
| Villagers / military | 50 / 28 |
Focus
⚔️ 25.0% · 🌾 75.0%
Gbeto ×25 · Fishing Ship ×20 · Unknown (2626) ×4 · Scout Cavalry ×2 · Monk ×1
Feudal
11:30
Castle
22:27
Imperial
—
| APM avg | 20.0 |
| APM peak | 67 |
| eAPM avg | 12.4 |
| Villagers / military | 98 / 56 |
Focus
⚔️ 21.2% · 🌾 78.8%
Knight ×28 · Scout Cavalry ×28
Feudal
15:10
Castle
24:55
Imperial
—
| APM avg | 17.4 |
| APM peak | 36 |
| eAPM avg | 10.4 |
| Villagers / military | 70 / 23 |
Focus
⚔️ 22.0% · 🌾 78.0%
Knight ×9 · Conquistador ×5 · Fishing Ship ×5 · Galley ×2 · Missionary ×2 · Fire Galley ×2
Feudal
14:41
Castle
20:29
Imperial
—
| APM avg | 28.3 |
| APM peak | 59 |
| eAPM avg | 10.9 |
| Villagers / military | 65 / 1 |
Focus
⚔️ 21.3% · 🌾 78.7%
Unknown (1952) ×42 · Fishing Ship ×8 · Unknown (1949) ×3 · Unknown (2626) ×3 · Monk ×1
Match map
Initial resources + every placement click. Lines = walls · curves = elevation contours. ◆ gold · ⬟ stone · ● berries · ✦ relic · ◌ wall gap
Inputs per minute
— ShadowDisciple - - skokomleoparda
Build order — ShadowDisciple
150 actions detected in the replay
| 0:39 | Build | Town Center |
| 2:37 | Build | House |
| 2:38 | Build | House |
| 3:10 | Create | Villager (Male) |
| 3:10 | Create | Villager (Male) |
| 3:10 | Create | Villager (Male) |
| 3:10 | Create | Villager (Male) |
| 4:39 | Create | Villager (Male) |
| 5:22 | Create | Villager (Male) |
| 5:36 | Build | Lumber Camp |
| 5:47 | Create | Villager (Male) |
| 5:54 | Create | Villager (Male) |
| 5:54 | Create | Villager (Male) |
| 6:27 | Create | Villager (Male) |
| 7:03 | Create | Villager (Male) |
| 7:14 | Create | Villager (Male) |
| 7:14 | Create | Villager (Male) |
| 7:30 | Build | Mill |
| 7:56 | Build | House |
| 8:07 | Build | Farm |
| 8:45 | Create | Villager (Male) |
| 9:00 | Build | Farm |
| 9:14 | Build | Farm |
| 9:22 | Build | Farm |
| 9:30 | Create | Villager (Male) |
| 9:42 | Build | Farm |
| 10:03 | Build | House |
| 10:10 | Build | Farm |
| 10:32 | Build | Mining Camp |
| 10:38 | Create | Villager (Male) |
| 10:44 | Build | Farm |
| 11:00 | Create | Villager (Male) |
| 11:28 | Create | Villager (Male) |
| 11:37 | Build | Farm |
| 11:44 | Build | Farm |
| 12:05 | Create | Villager (Male) |
| 12:06 | Create | Villager (Male) |
| 12:27 | Build | Farm |
| 12:47 | Create | Villager (Male) |
| 12:53 | Build | Farm |
| 13:14 | Build | House |
| 13:18 | Build | House |
| 13:21 | Build | House |
| 13:29 | Build | Farm |
| 13:34 | Create | Villager (Male) |
| 14:06 | Build | Farm |
| 14:14 | Build | Farm |
| 14:30 | Build | Farm |
| 14:40 | Create | Villager (Male) |
| 14:41 | Create | Villager (Male) |
| 15:11 | Build | Mining Camp |
| 15:28 | Research | Loom |
| 15:30 | Create | Villager (Male) |
| 15:36 | Research | Feudal Age |
| 15:57 | Build | Barracks |
| 16:09 | Build | Palisade Wall |
| 16:16 | Build | Palisade Gate |
| 16:22 | Build | Palisade Wall |
| 16:33 | Build | Palisade Wall |
| 18:30 | Age | Feudal Age |
| 18:59 | Build | Blacksmith |
| 19:26 | Build | Market |
| 19:35 | Create | Villager (Male) |
| 19:38 | Create | Villager (Male) |
| 20:34 | Research | Castle Age |
| 20:51 | Research | Double-Bit Axe |
| 20:58 | Research | Horse Collar |
| 21:22 | Research | Arson |
| 21:33 | Research | Forging |
| 21:47 | Research | Scale Mail Armor |
| 22:40 | Research | Wheelbarrow |
| 22:46 | Research | Horse Collar |
| 22:54 | Create | Villager (Male) |
| 22:54 | Create | Villager (Male) |
| 22:54 | Create | Villager (Male) |
| 22:57 | Create | Villager (Male) |
| 23:14 | Age | Castle Age |
| 23:25 | Build | Town Center |
| 23:36 | Build | Farm |
| 23:54 | Build | Farm |
| 26:06 | Create | Villager (Male) |
| 26:06 | Create | Villager (Male) |
| 26:07 | Create | Villager (Male) |
| 26:07 | Create | Villager (Male) |
| 26:07 | Create | Villager (Male) |
| 26:07 | Create | Villager (Male) |
| 26:07 | Create | Villager (Male) |
| 26:08 | Create | Villager (Male) |
| 26:08 | Create | Villager (Male) |
| 26:08 | Create | Villager (Male) |
| 27:53 | Build | House |
| 27:55 | Build | House |
| 27:57 | Build | House |
| 27:59 | Build | House |
| 28:02 | Build | House |
| 28:03 | Build | House |
| 28:10 | Build | Barracks |
| 28:36 | Research | Iron Casting |
| 29:03 | Build | Mining Camp |
| 29:44 | Build | University |
| 29:49 | Build | Blacksmith |
| 29:57 | Build | Barracks |
| 30:05 | Build | Stable |
| 30:19 | Build | Farm |
| 30:19 | Build | Farm |
| 30:19 | Build | Farm |
| 30:20 | Build | Farm |
| 30:20 | Build | Farm |
| 30:20 | Build | Farm |
| 30:28 | Build | Lumber Camp |
| 30:47 | Build | Mill |
| 30:52 | Build | Farm |
| 30:56 | Create | Villager (Male) |
| 30:56 | Create | Villager (Male) |
| 30:57 | Create | Villager (Male) |
| 30:57 | Create | Villager (Male) |
| 30:58 | Create | Villager (Male) |
| 30:59 | Create | Villager (Male) |
| 31:04 | Build | Farm |
| 32:03 | Build | House |
| 32:09 | Build | House |
| 32:50 | Build | Farm |
| 32:51 | Build | Farm |
| 32:52 | Build | Farm |
| 32:52 | Build | Farm |
| 32:52 | Build | Farm |
| 32:56 | Research | Bow Saw |
| 32:58 | Research | Heavy Plow |
| 33:09 | Build | House |
| 33:14 | Build | House |
| 33:16 | Build | House |
| 33:17 | Build | House |
| 33:19 | Build | House |
| 33:21 | Build | House |
| 33:27 | Build | Farm |
| 34:34 | Build | Farm |
| 34:34 | Build | Farm |
| 34:35 | Build | Farm |
| 34:36 | Build | Farm |
| 34:37 | Build | Farm |
| 34:37 | Build | Farm |
| 34:38 | Build | Farm |
| 35:09 | Build | Farm |
| 35:15 | Build | Mill |
| 35:25 | Create | Villager (Male) |
| 35:25 | Create | Villager (Male) |
| 35:25 | Create | Villager (Male) |
| 35:28 | Create | Villager (Male) |
| 35:28 | Create | Villager (Male) |
| 36:38 | Build | Farm |
Build order — skokomleoparda
First 150 of 178 actions detected
| 0:46 | Build | Town Center |
| 3:04 | Create | Villager (Male) |
| 3:05 | Create | Villager (Male) |
| 3:05 | Create | Villager (Male) |
| 3:05 | Create | Villager (Male) |
| 3:05 | Create | Villager (Male) |
| 4:26 | Create | Villager (Male) |
| 4:41 | Create | Villager (Male) |
| 4:41 | Create | Villager (Male) |
| 5:16 | Create | Villager (Male) |
| 5:17 | Create | Villager (Male) |
| 5:39 | Create | Villager (Male) |
| 5:55 | Create | Villager (Male) |
| 6:28 | Create | Villager (Male) |
| 6:42 | Create | Villager (Male) |
| 6:50 | Create | Villager (Male) |
| 7:02 | Build | Lumber Camp |
| 7:31 | Create | Villager (Male) |
| 7:31 | Create | Villager (Male) |
| 8:19 | Create | Villager (Male) |
| 8:24 | Create | Villager (Male) |
| 8:42 | Create | Villager (Male) |
| 8:49 | Build | Dock |
| 8:54 | Create | Villager (Male) |
| 9:30 | Create | Villager (Male) |
| 10:26 | Create | Villager (Male) |
| 10:29 | Create | Fishing Ship |
| 10:57 | Create | Villager (Male) |
| 11:18 | Research | Feudal Age |
| 11:32 | Create | Fishing Ship |
| 12:33 | Create | Villager (Male) |
| 12:34 | Create | Villager (Male) |
| 12:35 | Create | Villager (Male) |
| 12:42 | Create | Fishing Ship |
| 12:46 | Create | Fishing Ship |
| 13:35 | Age | Feudal Age |
| 13:38 | Research | Double-Bit Axe |
| 13:46 | Build | Mill |
| 14:02 | Create | Fire Galley |
| 14:19 | Create | Villager (Male) |
| 14:19 | Create | Villager (Male) |
| 14:33 | Build | Farm |
| 14:35 | Build | Farm |
| 14:41 | Build | Farm |
| 14:56 | Build | Mining Camp |
| 15:05 | Build | Farm |
| 15:12 | Build | Barracks |
| 15:25 | Build | Farm |
| 15:51 | Build | Farm |
| 15:54 | Create | Villager (Male) |
| 15:55 | Create | Villager (Male) |
| 15:55 | Create | Villager (Male) |
| 15:56 | Create | Villager (Male) |
| 16:01 | Build | Farm |
| 16:20 | Create | Villager (Male) |
| 16:20 | Create | Villager (Male) |
| 16:24 | Build | Farm |
| 16:58 | Build | Farm |
| 17:00 | Create | Villager (Male) |
| 17:09 | Build | Archery Range |
| 17:16 | Build | Farm |
| 17:32 | Create | Unit 2626 |
| 17:41 | Create | Unit 2626 |
| 17:46 | Build | Farm |
| 17:48 | Create | Villager (Male) |
| 18:13 | Build | Blacksmith |
| 18:26 | Create | Archer |
| 18:26 | Create | Archer |
| 18:37 | Build | Farm |
| 18:58 | Build | Farm |
| 19:18 | Build | Farm |
| 19:35 | Research | Gold Mining |
| 19:39 | Create | Archer |
| 19:40 | Create | Archer |
| 20:34 | Build | Market |
| 20:41 | Create | Villager (Male) |
| 20:42 | Create | Villager (Male) |
| 20:42 | Create | Villager (Male) |
| 20:42 | Create | Villager (Male) |
| 20:42 | Create | Villager (Male) |
| 21:03 | Build | Stable |
| 21:21 | Build | Farm |
| 21:39 | Create | Villager (Male) |
| 21:39 | Create | Villager (Male) |
| 21:48 | Research | Bloodlines |
| 21:58 | Research | Castle Age |
| 22:06 | Create | Villager (Male) |
| 22:06 | Create | Villager (Male) |
| 22:26 | Research | Stone Mining |
| 22:55 | Build | Palisade Wall |
| 23:00 | Build | Palisade Gate |
| 24:04 | Research | Padded Archer Armor |
| 24:04 | Research | Scale Barding Armor |
| 24:05 | Research | Scale Mail Armor |
| 24:26 | Build | Stable |
| 24:37 | Create | Villager (Male) |
| 24:42 | Research | Forging |
| 24:42 | Age | Castle Age |
| 24:42 | Research | Fletching |
| 24:46 | Research | Husbandry |
| 24:46 | Create | Knight |
| 24:47 | Create | Knight |
| 24:57 | Create | Villager (Male) |
| 25:23 | Create | Skirmisher |
| 25:24 | Create | Skirmisher |
| 25:49 | Create | Knight |
| 25:50 | Create | Knight |
| 25:50 | Create | Knight |
| 25:50 | Create | Knight |
| 26:35 | Build | Farm |
| 26:41 | Create | Knight |
| 26:41 | Create | Knight |
| 26:45 | Build | Farm |
| 26:49 | Create | Villager (Male) |
| 27:38 | Create | Knight |
| 27:38 | Create | Knight |
| 27:39 | Create | Villager (Male) |
| 27:39 | Create | Villager (Male) |
| 27:40 | Create | Villager (Male) |
| 28:25 | Create | Knight |
| 28:29 | Create | Villager (Male) |
| 28:30 | Create | Villager (Male) |
| 28:30 | Create | Villager (Male) |
| 28:41 | Build | Farm |
| 29:11 | Create | Knight |
| 29:12 | Create | Knight |
| 30:18 | Create | Knight |
| 30:18 | Create | Knight |
| 30:37 | Build | Town Center |
| 30:40 | Create | Villager (Male) |
| 30:40 | Create | Villager (Male) |
| 30:41 | Create | Villager (Male) |
| 30:42 | Create | Villager (Male) |
| 31:12 | Build | Farm |
| 31:24 | Create | Knight |
| 32:16 | Create | Knight |
| 32:16 | Create | Knight |
| 32:17 | Create | Knight |
| 32:48 | Create | Knight |
| 33:00 | Build | Farm |
| 33:08 | Create | Villager (Male) |
| 33:09 | Create | Villager (Male) |
| 33:09 | Create | Villager (Male) |
| 33:09 | Create | Villager (Male) |
| 33:09 | Create | Villager (Male) |
| 33:10 | Create | Villager (Male) |
| 33:11 | Create | Villager (Male) |
| 33:18 | Create | Knight |
| 33:18 | Create | Knight |
| 34:16 | Create | Villager (Male) |
Build order — mattinstat
First 150 of 153 actions detected
| 1:29 | Build | Town Center |
| 2:21 | Build | Dock |
| 3:31 | Build | House |
| 3:43 | Create | Villager (Male) ×4 |
| 4:24 | Create | Fishing Ship |
| 5:29 | Build | House |
| 5:35 | Create | Villager (Male) |
| 6:04 | Create | Villager (Male) |
| 6:04 | Create | Villager (Male) |
| 6:14 | Create | Villager (Male) |
| 6:14 | Create | Villager (Male) |
| 6:14 | Create | Villager (Male) |
| 6:53 | Create | Fishing Ship |
| 7:09 | Create | Villager (Male) |
| 7:09 | Create | Villager (Male) |
| 7:26 | Build | House |
| 7:42 | Build | House |
| 7:53 | Create | Villager (Male) |
| 7:54 | Create | Villager (Male) |
| 8:17 | Create | Villager (Male) |
| 8:18 | Create | Villager (Male) |
| 8:18 | Create | Villager (Male) |
| 8:18 | Create | Villager (Male) |
| 8:21 | Create | Fishing Ship |
| 8:55 | Create | Villager (Male) |
| 8:59 | Create | Fishing Ship |
| 9:34 | Create | Fishing Ship |
| 10:02 | Create | Villager (Male) |
| 10:45 | Build | House |
| 10:49 | Build | House |
| 10:52 | Create | Villager (Male) |
| 10:57 | Create | Fishing Ship |
| 11:20 | Create | Villager (Male) |
| 11:32 | Build | Mill |
| 11:37 | Create | Villager (Male) |
| 11:54 | Create | Fishing Ship |
| 12:05 | Research | Loom |
| 12:38 | Research | Feudal Age |
| 12:46 | Build | Dock |
| 12:52 | Create | Fishing Ship |
| 13:25 | Create | Fishing Ship |
| 13:59 | Create | Fishing Ship |
| 14:03 | Build | House |
| 14:05 | Build | House |
| 14:31 | Build | Mining Camp |
| 14:45 | Create | Villager (Male) |
| 14:46 | Create | Villager (Male) |
| 14:48 | Age | Feudal Age |
| 15:08 | Build | Barracks |
| 15:15 | Create | Villager (Male) |
| 15:21 | Research | Tech 906 |
| 15:28 | Create | Unit 2626 |
| 15:28 | Create | Unit 2626 |
| 15:39 | Research | Gold Mining |
| 15:43 | Create | Villager (Male) |
| 15:43 | Create | Villager (Male) |
| 16:12 | Create | Fishing Ship |
| 16:19 | Create | Unit 2626 |
| 16:31 | Build | Stable |
| 16:37 | Build | Palisade Wall |
| 16:42 | Build | Building 804 |
| 16:45 | Build | House |
| 16:58 | Build | Blacksmith |
| 17:04 | Create | Villager (Male) |
| 17:17 | Create | Fishing Ship |
| 17:39 | Research | Castle Age |
| 17:58 | Create | Unit 2626 |
| 18:01 | Build | House |
| 18:05 | Create | Fishing Ship |
| 18:15 | Build | House |
| 18:22 | Create | Villager (Male) |
| 19:12 | Build | House |
| 19:13 | Build | House |
| 19:21 | Build | Palisade Gate |
| 19:23 | Build | House |
| 20:19 | Age | Castle Age |
| 20:20 | Create | Villager (Male) |
| 20:34 | Build | Town Center |
| 20:40 | Create | Villager (Male) |
| 21:22 | Research | Town Watch |
| 21:22 | Research | Wheelbarrow |
| 21:37 | Build | Dock |
| 21:52 | Create | Villager (Male) |
| 21:52 | Create | Villager (Male) |
| 21:57 | Research | Stone Mining |
| 22:34 | Create | Villager (Male) |
| 22:39 | Create | Scout Cavalry |
| 22:40 | Create | Scout Cavalry |
| 22:50 | Create | Villager (Male) |
| 22:50 | Create | Villager (Male) |
| 23:58 | Build | Castle |
| 24:13 | Create | Villager (Male) |
| 24:13 | Create | Villager (Male) |
| 24:16 | Create | Villager (Male) |
| 24:17 | Create | Villager (Male) |
| 24:45 | Research | Fletching |
| 24:57 | Create | Gbeto |
| 24:58 | Create | Gbeto |
| 24:58 | Create | Gbeto |
| 25:06 | Build | Mining Camp |
| 25:12 | Research | Scale Mail Armor |
| 25:13 | Research | Forging |
| 25:26 | Create | Villager (Male) |
| 25:27 | Create | Villager (Male) |
| 25:33 | Create | Fishing Ship ×5 |
| 25:41 | Research | Gillnets |
| 25:51 | Research | Bodkin Arrow |
| 26:10 | Create | Gbeto |
| 26:11 | Create | Gbeto |
| 26:14 | Research | Arson |
| 26:15 | Research | Squires |
| 26:34 | Create | Gbeto |
| 26:34 | Create | Gbeto |
| 27:47 | Build | Town Center |
| 27:57 | Create | Gbeto |
| 27:57 | Create | Gbeto |
| 28:14 | Create | Fishing Ship |
| 28:14 | Create | Fishing Ship |
| 28:25 | Create | Gbeto |
| 28:25 | Create | Gbeto |
| 28:47 | Research | Hand Cart |
| 28:58 | Research | Horse Collar |
| 29:02 | Create | Villager (Male) |
| 30:04 | Create | Gbeto |
| 30:05 | Create | Gbeto |
| 30:05 | Create | Gbeto |
| 30:08 | Research | Town Patrol |
| 30:42 | Build | Monastery |
| 30:57 | Create | Gbeto |
| 30:57 | Create | Gbeto |
| 30:57 | Create | Gbeto |
| 31:00 | Research | Tigui |
| 31:09 | Research | Gold Shaft Mining |
| 31:16 | Create | Monk |
| 31:20 | Create | Villager (Male) |
| 31:20 | Create | Villager (Male) |
| 31:27 | Create | Villager (Male) |
| 31:27 | Create | Villager (Male) |
| 31:30 | Create | Villager (Male) |
| 31:30 | Create | Villager (Male) |
| 31:35 | Build | Farm |
| 31:36 | Build | Farm |
| 31:55 | Build | Town Center |
| 32:26 | Build | Farm |
| 32:37 | Create | Gbeto |
| 32:38 | Create | Gbeto |
| 32:38 | Create | Gbeto |
| 32:38 | Create | Gbeto |
| 35:35 | Research | Imperial Age |
| 35:37 | Create | Gbeto |
Build order — šaman.šaulić
First 150 of 265 actions detected
| 0:23 | Build | Town Center |
| 1:41 | Build | House |
| 2:40 | Create | Villager (Male) |
| 2:40 | Create | Villager (Male) |
| 2:41 | Create | Villager (Male) |
| 2:43 | Create | Villager (Male) |
| 3:40 | Create | Villager (Male) |
| 4:29 | Create | Villager (Male) |
| 4:46 | Build | House |
| 5:09 | Create | Villager (Male) |
| 5:09 | Create | Villager (Male) |
| 5:10 | Create | Villager (Male) |
| 5:10 | Create | Villager (Male) |
| 5:34 | Build | House |
| 5:52 | Create | Villager (Male) |
| 5:53 | Create | Villager (Male) |
| 6:07 | Build | House |
| 6:13 | Create | Villager (Male) |
| 6:14 | Create | Villager (Male) |
| 6:14 | Create | Villager (Male) |
| 6:59 | Build | Mill |
| 7:14 | Create | Villager (Male) |
| 7:34 | Create | Villager (Male) |
| 7:54 | Create | Villager (Male) |
| 8:14 | Create | Villager (Male) |
| 8:41 | Research | Loom |
| 8:56 | Create | Villager (Male) |
| 9:20 | Research | Feudal Age |
| 9:53 | Create | Villager (Male) |
| 9:54 | Create | Villager (Male) |
| 10:37 | Build | Mining Camp |
| 10:43 | Build | Palisade Wall |
| 11:30 | Age | Feudal Age |
| 11:38 | Build | Stable |
| 12:00 | Build | Lumber Camp |
| 12:06 | Create | Villager (Male) |
| 12:18 | Build | House |
| 12:20 | Build | House |
| 12:24 | Build | House |
| 12:37 | Create | Villager (Male) |
| 12:42 | Research | Horse Collar |
| 12:46 | Create | Scout Cavalry |
| 12:46 | Create | Scout Cavalry |
| 12:47 | Create | Scout Cavalry |
| 12:58 | Create | Villager (Male) |
| 13:03 | Build | House |
| 13:27 | Build | Farm |
| 13:30 | Build | Farm |
| 13:32 | Create | Villager (Male) |
| 13:52 | Build | House |
| 14:00 | Build | Farm |
| 14:04 | Build | Farm |
| 14:07 | Build | Farm |
| 14:08 | Create | Villager (Male) |
| 14:27 | Build | Farm |
| 14:33 | Build | Farm |
| 14:37 | Build | Farm |
| 14:41 | Create | Villager (Male) |
| 14:45 | Build | Farm |
| 15:07 | Research | Double-Bit Axe |
| 15:23 | Build | Farm |
| 15:48 | Create | Villager (Male) |
| 15:49 | Create | Villager (Male) |
| 15:49 | Create | Villager (Male) |
| 15:52 | Build | Farm |
| 15:56 | Build | Farm |
| 16:25 | Build | Blacksmith |
| 16:47 | Create | Villager (Male) |
| 17:02 | Create | Scout Cavalry |
| 17:02 | Create | Scout Cavalry |
| 17:03 | Create | Scout Cavalry |
| 17:05 | Create | Villager (Male) |
| 17:12 | Build | Farm |
| 17:15 | Build | Farm |
| 17:17 | Build | Farm |
| 17:36 | Create | Villager (Male) |
| 17:59 | Build | Market |
| 18:10 | Build | House |
| 18:11 | Build | House |
| 18:12 | Build | House |
| 18:34 | Create | Villager (Male) |
| 18:46 | Build | Farm |
| 18:50 | Build | Farm |
| 19:08 | Create | Villager (Male) |
| 19:18 | Build | Farm |
| 19:34 | Build | Mining Camp |
| 19:47 | Research | Castle Age |
| 20:39 | Build | House |
| 20:46 | Build | Building 796 |
| 21:01 | Build | Palisade Gate |
| 21:11 | Build | Palisade Wall |
| 21:19 | Build | Palisade Wall |
| 21:34 | Research | Gold Mining |
| 22:22 | Build | Farm |
| 22:27 | Age | Castle Age |
| 22:29 | Build | Farm |
| 22:30 | Create | Villager (Male) |
| 22:31 | Create | Villager (Male) |
| 22:34 | Research | Husbandry |
| 22:35 | Research | Bloodlines |
| 22:41 | Research | Bow Saw |
| 22:43 | Research | Heavy Plow |
| 22:58 | Build | Town Center |
| 23:06 | Create | Villager (Male) |
| 23:06 | Create | Villager (Male) |
| 23:07 | Create | Villager (Male) |
| 23:07 | Create | Villager (Male) |
| 23:51 | Create | Knight |
| 24:05 | Build | Stable |
| 24:18 | Create | Villager (Male) |
| 24:19 | Create | Villager (Male) |
| 24:19 | Create | Villager (Male) |
| 25:01 | Research | Light Cavalry (upgrade) |
| 25:02 | Create | Scout Cavalry ×5 |
| 25:09 | Research | Scale Barding Armor |
| 25:10 | Research | Forging |
| 25:19 | Build | Town Center |
| 25:28 | Create | Scout Cavalry |
| 25:29 | Create | Scout Cavalry |
| 25:30 | Create | Scout Cavalry |
| 25:30 | Create | Scout Cavalry |
| 25:31 | Create | Villager (Male) |
| 25:32 | Create | Villager (Male) |
| 25:49 | Build | House |
| 25:54 | Build | House |
| 25:56 | Build | House |
| 25:57 | Build | House |
| 25:58 | Build | House |
| 26:02 | Build | House |
| 26:04 | Create | Villager (Male) |
| 26:04 | Create | Villager (Male) |
| 26:04 | Create | Villager (Male) |
| 26:05 | Create | Villager (Male) |
| 26:05 | Create | Villager (Male) |
| 26:15 | Build | Stable |
| 26:20 | Build | Farm |
| 26:25 | Create | Villager (Male) |
| 26:25 | Create | Villager (Male) |
| 26:26 | Create | Villager (Male) |
| 26:33 | Build | Farm |
| 26:48 | Create | Villager (Male) |
| 26:48 | Create | Villager (Male) |
| 26:51 | Create | Knight |
| 26:52 | Create | Knight |
| 27:03 | Build | Farm |
| 27:05 | Build | Farm |
| 27:08 | Build | Farm |
| 27:25 | Create | Knight |
| 27:26 | Create | Knight |
| 27:26 | Create | Knight |
Build order — Ferdinando III
First 150 of 173 actions detected
| 0:35 | Build | House |
| 0:49 | Build | Town Center |
| 2:10 | Build | Dock |
| 3:16 | Create | Villager (Male) |
| 3:16 | Create | Villager (Male) |
| 3:16 | Create | Villager (Male) |
| 3:16 | Create | Villager (Male) |
| 3:18 | Research | Loom |
| 4:43 | Create | Villager (Male) |
| 4:43 | Create | Villager (Male) |
| 4:52 | Build | House |
| 4:55 | Create | Fishing Ship |
| 6:27 | Create | Fishing Ship |
| 6:27 | Create | Fishing Ship |
| 6:28 | Create | Villager (Male) |
| 7:05 | Create | Villager (Male) |
| 7:18 | Create | Villager (Male) |
| 7:55 | Create | Villager (Male) |
| 7:55 | Create | Villager (Male) |
| 7:55 | Create | Villager (Male) |
| 8:41 | Create | Villager (Male) |
| 8:41 | Create | Villager (Male) |
| 8:41 | Create | Villager (Male) |
| 8:48 | Create | Fishing Ship |
| 8:53 | Build | House |
| 9:39 | Build | House |
| 9:57 | Build | House |
| 10:45 | Create | Villager (Male) |
| 10:46 | Create | Villager (Male) |
| 10:46 | Create | Villager (Male) |
| 11:42 | Create | Fishing Ship |
| 12:02 | Build | Mill |
| 12:08 | Create | Villager (Male) |
| 12:33 | Build | Lumber Camp |
| 13:00 | Research | Feudal Age |
| 13:02 | Create | Villager (Male) |
| 13:07 | Create | Villager (Male) |
| 13:48 | Build | Mining Camp |
| 14:39 | Build | House |
| 14:40 | Build | House |
| 15:05 | Build | Barracks |
| 15:10 | Age | Feudal Age |
| 15:15 | Research | Double-Bit Axe |
| 16:19 | Build | Archery Range |
| 16:20 | Create | Villager (Male) |
| 16:21 | Create | Villager (Male) |
| 16:21 | Create | Villager (Male) |
| 16:37 | Create | Villager (Male) |
| 16:37 | Create | Villager (Male) |
| 16:59 | Build | Mining Camp |
| 17:01 | Create | Villager (Male) |
| 17:01 | Create | Villager (Male) |
| 17:13 | Build | Stable |
| 17:26 | Create | Villager (Male) |
| 17:26 | Create | Villager (Male) |
| 17:51 | Build | House |
| 17:52 | Build | House |
| 17:53 | Build | House |
| 17:55 | Build | House |
| 17:57 | Create | Villager (Male) |
| 18:34 | Build | Dock |
| 19:04 | Build | Mill |
| 19:27 | Create | Villager (Male) |
| 19:40 | Research | Tech 906 |
| 21:08 | Create | Villager (Male) |
| 21:33 | Create | Villager (Male) |
| 22:14 | Research | Castle Age |
| 22:34 | Research | Bloodlines |
| 22:35 | Create | Scout Cavalry |
| 22:50 | Create | Demolition Raft |
| 22:51 | Create | Demolition Raft |
| 22:54 | Create | Galley |
| 22:54 | Create | Galley |
| 23:07 | Research | Gold Mining |
| 23:36 | Research | Stone Mining |
| 23:49 | Create | Fire Galley |
| 23:51 | Create | Fire Galley |
| 24:19 | Create | Villager (Male) |
| 24:19 | Create | Villager (Male) |
| 24:20 | Create | Villager (Male) |
| 24:49 | Research | Horse Collar |
| 24:55 | Age | Castle Age |
| 25:11 | Build | Town Center |
| 25:14 | Create | Villager (Male) |
| 25:14 | Create | Villager (Male) |
| 25:14 | Create | Villager (Male) |
| 25:28 | Research | War Galley (upgrade) |
| 25:29 | Research | Gillnets |
| 25:38 | Research | War Galley (upgrade) |
| 25:42 | Research | Bow Saw |
| 25:46 | Research | Heavy Plow |
| 25:56 | Create | Villager (Male) |
| 25:56 | Create | Villager (Male) |
| 25:56 | Create | Villager (Male) |
| 26:22 | Build | Blacksmith |
| 26:25 | Create | Villager (Male) |
| 26:27 | Create | Villager (Male) |
| 26:43 | Create | Knight ×3 |
| 26:50 | Build | House |
| 26:52 | Build | House |
| 26:53 | Build | House |
| 27:03 | Research | Wheelbarrow |
| 27:22 | Research | Fletching |
| 27:27 | Build | Farm |
| 27:28 | Build | Farm |
| 27:30 | Build | Farm |
| 27:31 | Build | Farm |
| 27:32 | Build | Farm |
| 27:49 | Create | Villager (Male) |
| 27:49 | Create | Villager (Male) |
| 27:49 | Create | Villager (Male) |
| 28:03 | Create | Knight |
| 28:03 | Create | Knight |
| 28:15 | Research | Husbandry |
| 28:20 | Create | Villager (Male) |
| 28:42 | Build | House |
| 28:43 | Build | House |
| 28:44 | Build | House |
| 28:46 | Create | Villager (Male) |
| 28:47 | Create | Villager (Male) |
| 28:47 | Create | Villager (Male) |
| 28:51 | Create | Villager (Male) |
| 28:52 | Create | Villager (Male) |
| 29:15 | Build | Monastery |
| 29:22 | Create | Villager (Male) |
| 29:22 | Create | Villager (Male) |
| 30:00 | Build | University |
| 30:09 | Research | Stone Shaft Mining |
| 30:14 | Create | Missionary |
| 30:14 | Research | Fervor |
| 30:15 | Research | Sanctity |
| 30:18 | Create | Villager (Male) |
| 30:18 | Create | Villager (Male) |
| 30:20 | Research | Town Watch |
| 31:08 | Build | Farm |
| 31:44 | Build | Farm |
| 31:47 | Build | Farm |
| 31:59 | Research | Hand Cart |
| 32:03 | Build | Farm |
| 32:06 | Research | Bodkin Arrow |
| 32:27 | Create | Knight ×4 |
| 32:36 | Create | Villager (Male) |
| 32:36 | Create | Villager (Male) |
| 32:36 | Create | Villager (Male) |
| 32:36 | Create | Villager (Male) |
| 32:43 | Research | Masonry |
| 32:45 | Build | Farm |
| 32:49 | Build | Farm |
| 32:51 | Create | Villager (Male) |
| 32:52 | Create | Villager (Male) |
Build order — Options1986
First 150 of 173 actions detected
| 0:16 | Build | Dock |
| 0:17 | Build | House |
| 0:28 | Build | Town Center |
| 2:37 | Create | Villager (Male) |
| 2:38 | Create | Villager (Male) |
| 2:38 | Create | Villager (Male) |
| 2:38 | Create | Villager (Male) |
| 3:30 | Create | Villager (Male) |
| 3:40 | Create | Fishing Ship |
| 4:48 | Create | Fishing Ship |
| 4:48 | Create | Fishing Ship |
| 5:01 | Build | House |
| 5:11 | Create | Fishing Ship |
| 5:15 | Create | Villager (Male) |
| 5:22 | Create | Villager (Male) |
| 5:43 | Build | House |
| 5:46 | Create | Villager (Male) |
| 6:33 | Create | Fishing Ship |
| 6:37 | Create | Villager (Male) |
| 7:05 | Create | Villager (Male) |
| 7:37 | Create | Fishing Ship |
| 7:49 | Create | Villager (Male) |
| 7:57 | Create | Villager (Male) |
| 8:27 | Build | House |
| 8:31 | Create | Villager (Male) |
| 8:47 | Build | Mill |
| 9:30 | Create | Villager (Male) |
| 9:33 | Create | Villager (Male) |
| 9:35 | Create | Villager (Male) |
| 10:08 | Research | Loom |
| 10:28 | Create | Villager (Male) |
| 10:41 | Create | Villager (Male) |
| 10:47 | Build | House |
| 10:48 | Build | House |
| 11:35 | Research | Feudal Age |
| 11:41 | Create | Villager (Male) |
| 11:42 | Create | Villager (Male) |
| 11:43 | Create | Fishing Ship |
| 11:51 | Build | House |
| 12:13 | Research | Feudal Age |
| 12:26 | Build | Mining Camp |
| 12:35 | Build | Palisade Wall |
| 12:53 | Build | Palisade Wall |
| 12:58 | Create | Villager (Male) |
| 13:23 | Build | Palisade Wall |
| 13:53 | Create | Fishing Ship |
| 14:06 | Create | Villager (Male) |
| 14:16 | Build | Building 796 |
| 14:36 | Build | Lumber Camp |
| 14:41 | Age | Feudal Age |
| 15:05 | Build | Market |
| 15:07 | Create | Villager (Male) |
| 15:16 | Create | Unit 2626 |
| 15:44 | Build | Dock |
| 15:46 | Create | Villager (Male) |
| 15:50 | Create | Villager (Male) |
| 16:03 | Create | Unit 2626 |
| 16:07 | Research | Double-Bit Axe |
| 16:10 | Create | Villager (Male) |
| 16:37 | Create | Unit 2626 |
| 16:47 | Create | Villager (Male) |
| 17:01 | Build | Blacksmith |
| 17:44 | Create | Villager (Male) |
| 17:49 | Research | Castle Age |
| 17:59 | Build | Barracks |
| 18:36 | Create | Villager (Male) |
| 18:47 | Research | Gold Mining |
| 19:02 | Build | House |
| 19:04 | Build | House |
| 19:05 | Build | House |
| 19:06 | Build | House |
| 19:30 | Build | Archery Range |
| 19:31 | Build | Archery Range |
| 19:34 | Research | Fletching |
| 19:54 | Create | Villager (Male) |
| 20:15 | Build | Stable |
| 20:29 | Age | Castle Age |
| 20:32 | Build | Building 490 |
| 20:36 | Build | Stone Wall |
| 20:40 | Create | Unit 1952 |
| 20:40 | Create | Unit 1952 |
| 20:40 | Create | Unit 1952 |
| 20:43 | Research | Bodkin Arrow |
| 20:46 | Create | Villager (Male) |
| 21:09 | Create | Villager (Male) |
| 21:09 | Create | Villager (Male) |
| 21:14 | Create | Unit 1952 |
| 21:28 | Create | Villager (Male) |
| 21:38 | Create | Unit 1952 ×2 |
| 21:44 | Build | Town Center |
| 22:00 | Create | Villager (Male) |
| 22:02 | Create | Unit 1952 ×2 |
| 22:09 | Build | Stone Wall |
| 22:34 | Build | Stone Wall |
| 22:39 | Create | Unit 1952 |
| 22:39 | Create | Unit 1952 |
| 22:42 | Create | Villager (Male) |
| 22:50 | Create | Villager (Male) |
| 23:06 | Create | Villager (Male) |
| 23:11 | Create | Unit 1952 |
| 23:35 | Research | Bloodlines |
| 24:00 | Build | Stone Wall |
| 24:36 | Create | Villager (Male) |
| 24:36 | Create | Villager (Male) |
| 24:36 | Create | Villager (Male) |
| 24:38 | Build | House |
| 24:38 | Build | House |
| 24:39 | Build | House |
| 24:39 | Build | House |
| 24:46 | Build | Monastery |
| 25:51 | Create | Unit 1952 ×5 |
| 26:05 | Research | Wheelbarrow |
| 26:05 | Create | Villager (Male) ×3 |
| 26:05 | Create | Villager (Male) ×3 |
| 26:11 | Create | Unit 1952 ×5 |
| 26:20 | Create | Monk |
| 26:37 | Create | Villager (Male) |
| 26:38 | Create | Villager (Male) |
| 27:24 | Research | Husbandry |
| 27:51 | Create | Villager (Male) |
| 27:58 | Create | Villager (Male) |
| 28:05 | Build | Farm |
| 28:05 | Build | Farm |
| 28:06 | Build | Farm |
| 28:06 | Build | Farm |
| 28:06 | Build | Farm |
| 28:09 | Create | Villager (Male) |
| 28:18 | Create | Unit 1952 ×5 |
| 28:35 | Build | Farm |
| 28:37 | Build | Farm |
| 28:45 | Build | Farm |
| 28:45 | Build | Farm |
| 28:45 | Build | Farm |
| 28:45 | Build | Farm |
| 28:46 | Build | Farm |
| 28:46 | Build | Farm |
| 28:50 | Build | Farm |
| 29:09 | Build | Building 665 |
| 29:15 | Build | Stone Wall |
| 29:25 | Research | Padded Archer Armor |
| 29:47 | Build | Farm |
| 30:14 | Create | Unit 1952 ×5 |
| 30:14 | Create | Unit 1952 ×2 |
| 30:38 | Build | Building 673 |
| 30:49 | Create | Villager (Male) |
| 30:49 | Create | Villager (Male) |
| 31:04 | Create | Villager (Male) |
| 31:06 | Create | Villager (Male) |
| 31:33 | Create | Unit 1952 |
| 31:53 | Build | House |
Match timeline
| 0:16 | Options1986 · first_building Dock |
| 2:10 | Ferdinando III · first_building Dock |
| 2:21 | mattinstat · first_building Dock |
| 8:49 | skokomleoparda · first_building Dock |
| 10:43 | šaman.šaulić · wall_segment Palisade Wall x1 |
| 11:30 | šaman.šaulić · age_up feudal |
| 11:38 | šaman.šaulić · first_building Stable |
| 12:35 | Options1986 · wall_segment Palisade Wall x6 |
| 12:53 | Options1986 · wall_segment Palisade Wall x1 |
| 13:23 | Options1986 · wall_segment Palisade Wall x1 |
| 13:35 | skokomleoparda · age_up feudal |
| 14:41 | Options1986 · age_up feudal |
| 14:48 | mattinstat · age_up feudal |
| 15:05 | Ferdinando III · first_building Barracks |
| 15:08 | mattinstat · first_building Barracks |
| 15:10 | Ferdinando III · age_up feudal |
| 15:12 | skokomleoparda · first_building Barracks |
| 15:57 | ShadowDisciple · first_building Barracks |
| 16:09 | ShadowDisciple · wall_segment Palisade Wall x1 |
| 16:19 | Ferdinando III · first_building Archery Range |
| 16:22 | ShadowDisciple · wall_segment Palisade Wall x3 |
| 16:31 | mattinstat · first_building Stable |
| 16:33 | ShadowDisciple · wall_segment Palisade Wall x6 |
| 16:37 | mattinstat · wall_segment Palisade Wall x1 |
| 17:09 | skokomleoparda · first_building Archery Range |
| 17:13 | Ferdinando III · first_building Stable |
| 17:59 | Options1986 · first_building Barracks |
| 18:30 | ShadowDisciple · age_up feudal |
| 19:30 | Options1986 · first_building Archery Range |
| 20:15 | Options1986 · first_building Stable |
| 20:19 | mattinstat · age_up castle |
| 20:29 | Options1986 · age_up castle |
| 20:36 | Options1986 · wall_segment Stone Wall x3 |
| 21:03 | skokomleoparda · first_building Stable |
| 21:11 | šaman.šaulić · wall_segment Palisade Wall x8 |
| 21:19 | šaman.šaulić · wall_segment Palisade Wall x1 |
| 21:56 | skokomleoparda · first_market_sell 100 food |
| 22:09 | Options1986 · wall_segment Stone Wall x1 |
| 22:27 | šaman.šaulić · age_up castle |
| 22:34 | Options1986 · wall_segment Stone Wall x14 |
| 22:53 | šaman.šaulić · first_market_buy 100 wood |
| 22:55 | skokomleoparda · wall_segment Palisade Wall x20 |
| 23:14 | ShadowDisciple · age_up castle |
| 23:58 | mattinstat · first_building Castle |
| 24:00 | Options1986 · wall_segment Stone Wall x8 |
| 24:42 | skokomleoparda · age_up castle |
| 24:46 | Options1986 · first_building Monastery |
| 24:55 | Ferdinando III · age_up castle |
| 29:15 | Options1986 · wall_segment Stone Wall x1 |
| 29:15 | Ferdinando III · first_building Monastery |
| 30:05 | ShadowDisciple · first_building Stable |
| 30:42 | mattinstat · first_building Monastery |
| 33:01 | Options1986 · first_building Castle |
| 35:14 | Ferdinando III · first_building Castle |
| 35:25 | šaman.šaulić · first_market_sell 500 wood |
| 35:33 | šaman.šaulić · first_building Castle |
| 36:35 | skokomleoparda · resign |
[ AI ANALYSIS · 1 CREDIT ]
What really happened in this match?
Wolo.gg analyzes every decision: build order, eco, micro, common mistakes by bracket. Personalized analysis on WhatsApp or Discord in 30 seconds.
Civ guide
Bulgarians
Perfil
Jugador #22984240